 Dungeon Crawl Stone Soup version 0.17-a0-1093-g0b3cd89 (webtiles) character file.

1829 Lugonue the Covert (level 8, -2/55 HPs)
             Began as a Vampire Assassin on May 20, 2015.
             Was an Initiate of Ashenzari.
             Killed from afar by an electric eel (10 damage)
             ... with a bolt of electricity
             ... on level 6 of the Dungeon.
             The game lasted 00:28:00 (6785 turns).

Lugonue the Covert (Vampire Assassin)               Turns: 6785, Time: 00:28:01

Health: -2/55      AC:  6    Str: 10    XL:     8   Next: 86%
Magic:  8/8        EV: 13    Int: 15    God:    Ashenzari [......]
Gold:   232        SH:  0    Dex: 16    Spells: 0 memorised, 7 levels left

rFire  . . .     SeeInvis +     a - +2 short sword (venom)
rCold  + . .     Clarity  .     e - +0 leather armour
rNeg   + + .     SustAb   .     (no shield)
rPois  +         Gourm    .     (no helmet)
rElec  .         Spirit   .     d - +0 cloak
rCorr  .         Warding  .     (no gloves)
rMut   .         Stasis   .     (no boots)
MR     .....                    (no amulet)
Stlth  +++++++...               (no ring)
                                u - +2 ring of protection

@: regenerating slowly, not resistant to hostile enchantments, extremely
stealthy
A: fangs 3, see invisible, unbreathing
a: Bat Form, Renounce Religion


You were on level 6 of the Dungeon.
You worshipped Ashenzari.
Ashenzari was noncommittal.
You were very thirsty.

You visited 2 branches of the dungeon, and saw 7 of its levels.
You also visited: Sewer.

You collected 232 gold pieces.

Inventory:

Hand weapons
 a - a +2 short sword of venom (weapon)
 b - a +0 blowgun
 o - a +2 dagger
Missiles
 c - a poisoned needle
Armour
 d - a +0 cloak (worn)
 e - a +0 leather armour (worn)
Jewellery
 j - an uncursed ring of positive energy
 u - a +2 ring of protection (left hand)
 w - an uncursed ring of flight
 z - an uncursed ring of sustain abilities
Magical devices
 v - a wand of disintegration (14)
 x - a wand of polymorph (17)
Scrolls
 f - a scroll of fog
 g - 3 scrolls of identify
 h - a scroll of fear
 m - 4 scrolls of remove curse
 r - a scroll of immolation {unknown}
 y - a scroll of enchant weapon {unknown}
 B - a scroll of amnesia
Potions
 i - 2 potions of blood
 k - 2 potions of cancellation
 l - 2 potions of agility {unknown}
 n - a potion of might {unknown}
 p - a potion of heal wounds {unknown}
 q - 2 potions of cure mutation {unknown}
 s - a potion of degeneration {unknown}
 t - a potion of lignification {unknown}
 A - a potion of magic {unknown}


   Skills:
 - Level 1.7 Fighting
 + Level 6.2 Short Blades
 - Level 1.5 Throwing
 * Level 4.1 Dodging
 + Level 14.4 Stealth


You had 7 spell levels left.
You didn't know any spells.

Dungeon Overview and Level Annotations

Branches:
Dungeon (6/15)             Temple (1/1) D:5

Altars:
Ashenzari
Makhleb
Qazlal
Sif Muna
Zin
The Shining One

Annotations:
D:6 Grinder


Innate Abilities, Weirdness & Mutations

You heal slowly.
You have razor-sharp teeth.
You have supernaturally acute eyesight.
You can survive without breathing.


Message History

You climb downwards.
Level annotation: Grinder
There is a stone staircase leading up here.
You enter the shallow water.
Moving in this stuff is going to be slow.
A giant cockroach and an electric eel come into view.
You are too injured to fight recklessly!
You are too injured to fight recklessly!
You hit the electric eel.
The electric eel is poisoned.
The electric eel is moderately wounded.
The electric eel shoots out a bolt of lightning at you!
The bolt of electricity hits you!
* * * LOW HITPOINT WARNING * * *
The bolt of electricity hits the giant cockroach.
The giant cockroach dies!
You miss the electric eel. Your bite misses the electric eel.
The electric eel is moderately wounded.
The electric eel shoots out a bolt of lightning at you!
The bolt of electricity hits you!
You die...

.....###....# ###
##.........######## #..
#..........#.....†# #.#
#..........#......# #.#
#.....P≈P≈.#......###
#'###....P≈P≈≈≈P.........
)..##..<.P≈♣♣P≈PP........
...##....P≈♣♣♣P≈.........
........P≈♣♣ ♣PP@P.....##
...##...≈≈≈♣ ♣♣;P........
........P≈♣♣ ♣PP≈........
..)...#P≈≈≈♣ ♣≈≈..#......
..........≈≈≈≈P≈..#......
......#.....PPP......##..
#..........#.........#
#..........#........


You could see an electric eel.

Vanquished Creatures
  Sigmund (D:4)
  A deep elf fighter (D:5)
  Menkaure (D:6)
  An orc warrior (D:5)
  A phantom (D:4)
  An ogre (D:4)
  A gnoll sergeant (D:5)
  3 big kobolds (Sewer)
  2 scorpions (D:4)
  3 wights (D:5)
  A crimson imp (D:5)
  3 hounds
  3 orc priests (D:5)
  3 orc wizards
  2 iguanas (D:5)
  A worker ant (D:4)
  2 river rats
  12 adders
  7 oozes
  6 worms
  4 giant geckos
  17 orcs
  4 ball pythons
  3 giant cockroaches
  7 goblins
  8 hobgoblins
  3 jackals (D:1)
  17 kobolds
  A quokka (D:5)
  11 bats
  A giant gecko skeleton (D:5)
  4 giant newts
  A jackal skeleton (D:5)
  15 rats
151 creatures vanquished.

Vanquished Creatures (others)
  A giant cockroach (D:6)
1 creature vanquished.

Grand Total: 152 creatures vanquished

Notes
Turn   | Place    | Note
--------------------------------------------------------------
     0 | D:1      | Lugonue the Vampire Assassin began the quest for the Orb.
     0 | D:1      | Reached XP level 1. HP: 16/16 MP: 1/1
    33 | D:1      | Reached skill level 6 in Stealth
   160 | D:1      | Reached XP level 2. HP: 17/22 MP: 2/2
   471 | D:2      | Reached skill level 7 in Stealth
   749 | D:2      | Reached XP level 3. HP: 18/27 MP: 3/3
  1186 | D:3      | Reached skill level 8 in Stealth
  1327 | D:3      | Reached XP level 4. HP: 33/33 MP: 4/4
  1469 | D:3      | Reached skill level 1 in Short Blades
  1482 | D:3      | Found a glowing drain.
  1486 | Sewer    | Entered a sewer
  1733 | Sewer    | Noticed a big kobold
  1755 | Sewer    | Killed a big kobold
  1755 | Sewer    | Reached skill level 9 in Stealth
  1755 | Sewer    | Reached XP level 5. HP: 27/38 MP: 5/5
  2092 | Sewer    | Reached skill level 10 in Stealth
  2147 | Sewer    | Noticed a big kobold
  2159 | Sewer    | Killed a big kobold
  2159 | Sewer    | Reached XP level 6. HP: 23/44 MP: 6/6
  2309 | Sewer    | Noticed a big kobold
  2331 | Sewer    | Killed a big kobold
  2550 | D:4      | Noticed Sigmund
  2551 | D:4      | Reached skill level 11 in Stealth
  2570 | D:4      | Killed Sigmund
  2570 | D:4      | Reached XP level 7. HP: 21/49 MP: 7/7
  3276 | D:4      | Reached skill level 12 in Stealth
  3607 | D:4      | Found a shattered altar of Ashenzari.
  3749 | D:4      | Became a worshipper of Ashenzari the Shackled
  3874 | D:4      | HP: 1/49 [worm (12)]
  4175 | D:5      | Entered Level 5 of the Dungeon
  4474 | D:5      | Reached skill level 5 in Short Blades
  4503 | D:5      | Reached skill level 13 in Stealth
  4503 | D:5      | Reached XP level 8. HP: 22/55 MP: 8/8
  4533 | D:5      | Found a staircase to the Ecumenical Temple.
  4546 | Temple   | Entered the Ecumenical Temple
  5114 | D:5      | Noticed a deep elf fighter
  6265 | D:5      | Killed a deep elf fighter
  6265 | D:5      | Reached skill level 14 in Stealth
  6668 | D:6      | Noticed Menkaure
  6674 | D:6      | Noticed Grinder
  6675 | D:6      | Killed Menkaure
  6691 | D:6      | Paralysed by Grinder for 6 turns
  6785 | D:6      | Killed from afar by an electric eel

Vault maps used:
D:1:      dpeg_arrival_pits
D:3:      gup_sewer_entry_spiral
D:4:      evilmike_ruin_ashenzari, uniq_sigmund
D:5:      minmay_temple_entry_poolview, first_bread, sword_in_stone
D:6:      serial_shops, shop, shop, nicolae_shop_waterfront, serial_bayou,
          serial_bayou_ford_a, serial_bayou_shore_b, serial_bayou_pond_b,
          serial_bayou_pond_c, serial_bayou_pond_b, minmay_misc_feat_diagonals,
          uniq_menkaure, uniq_pikel, uniq_grinder
Temple:   circular_temple_13
Sewer:    sewer_co_tree

Action                   |  1- 3 |  4- 6 |  7- 9 || total
-------------------------+-------+-------+-------++-------
Melee: Dagger            |    64 |       |       ||    64
       Short sword       |     9 |   106 |   312 ||   427
 Fire: Blowgun           |    34 |    35 |    52 ||   121
 Abil: End Transformatio |       |     1 |     4 ||     5
       Bat Form          |       |     1 |     4 ||     5
Evoke: Wand              |       |       |     1 ||     1
  Use: Scroll            |     5 |     2 |     2 ||     9
       Potion            |       |     2 |     8 ||    10
 Stab: Sleeping          |    13 |     8 |    15 ||    36
       Distracted        |     1 |       |     2 ||     3
